 Dungeon Crawl Stone Soup version 0.30-a0-694-g3340775977 (webtiles) character file.

Game seed: 8967538570772336621

16 Alitron123 the Magician (level 2, -1/15 HPs)
             Began as a Gargoyle Hedge Wizard on Jan 20, 2023.
             Slain by a hobgoblin (4 damage)
             ... on level 1 of the Dungeon.
             The game lasted 00:01:21 (441 turns).

Alitron123 the Magician (Gargoyle Hedge Wizard)      Turns: 441, Time: 00:01:21

Health: -1/15      AC:  5    Str: 13    XL:     2   Next: 58%
Magic:  1/6        EV: 12    Int: 14    God:
Gold:   20         SH:  0    Dex:  9    Spells: 7/8 levels left

rFire   . . .      SeeInvis .    a - +0 dagger
rCold   . . .      Faith    .    (no shield)
rNeg    + . .      Spirit   .    b - +0 robe
rPois   ∞          Reflect  .    c - +0 hat
rElec   +          Harm     .    (no cloak)
rCorr   .          Rampage  .    (no gloves)
Will    .....                    g - +0 pair of boots
Stlth   ++                       (no amulet)
HPRegen 0.22/turn                f - ring of wizardry
MPRegen 0.10/turn                (no ring)

@: no status effects
A: sickness immunity, AC +2, negative energy resistance 1, electricity
resistance, torment resistance 1, petrification resistance
a: no special abilities


You were on level 1 of the Dungeon.
You visited 1 branch of the dungeon, and saw 1 of its levels.

You collected 20 gold pieces.

Inventory:

Hand Weapons
 a - a +0 dagger (weapon)
Armour
 b - a +0 robe (worn)
 c - a +0 hat (worn)
 g - a +0 pair of boots (worn)
Jewellery
 f - a ring of wizardry (left hand)
Scrolls
 e - 3 scrolls of identify {unknown}
 h - a scroll of summoning {unknown}
Potions
 d - a potion of magic


   Skills:
 + Level 1.7 Dodging
 + Level 2.1 Stealth
 + Level 3.5 Spellcasting
 + Level 1.3 Conjurations
 + Level 0.8 Summonings
 + Level 0.8 Translocations


You had 7 spell levels left.
You knew the following spells:

 Your Spells              Type           Power      Damage    Failure   Level
a - Magic Dart            Conj           24%        1d4       4%          1

Your spell library contained the following spells:

 Spells                   Type           Power      Damage    Failure   Level
 Slow                     Hex            8%         N/A       9%          1
 Blink                    Tloc           8%         N/A       9%          2
 Call Imp                 Summ           4%         N/A       9%          2
 Mephitic Cloud           Conj/Pois/Air  3%         N/A       21%         3
 Cigotuvi's Dreadful Rot  Necr/Pois/Air  Unusable   N/A       N/A         2

Dungeon Overview and Level Annotations

Branches:
Dungeon (1/15)

Altars:

Shops:
D:1 (


Innate Abilities, Weirdness & Mutations

You are immune to sickness and miasma.
Your stone body is resilient. (AC +2)
You are immune to poison.
You resist negative energy. (rN+)
You are resistant to electric shocks. (rElec)
You are resistant to unholy torment.
You are immune to petrification.


Message History

The quokka is severely wounded.
The hobgoblin hits you but does no damage.
The quokka bites you.
You hit the quokka but do no damage.
The quokka is severely wounded.
The hobgoblin closely misses you.
The quokka bites you but does no damage.
You miss the quokka.
The quokka is severely wounded.
The quokka closely misses you.
The hobgoblin hits you but does no damage.
You barely miss the quokka.
The quokka is severely wounded.
The quokka barely misses you. The hobgoblin hits you.
You hit the quokka but do no damage.
The quokka is severely wounded.
The quokka bites you but does no damage.
The hobgoblin closely misses you.
The quokka bites you but does no damage.
Casting: Magic Dart (safe; 4% risk of failure)
Confirm with . or Enter, or press ? or * to list all spells.
Aiming: Magic Dart (safe; 4% risk of failure)
Press: ? - help, Shift-Dir - straight line, f/p - quokka
Aim: a quokka (severely wounded, 100% to hit)
The magic dart hits the quokka.
The quokka is almost dead.
The hobgoblin closely misses you. The quokka bites you.
* * * LOW HITPOINT WARNING * * *
Casting: Magic Dart (safe; 4% risk of failure)
Confirm with . or Enter, or press ? or * to list all spells.
You don't know that spell.
You barely miss the quokka.
The quokka is almost dead.
The hobgoblin misses you. The quokka misses you.
You barely miss the quokka.
The quokka is almost dead.
The quokka bites you.
* * * LOW HITPOINT WARNING * * *
The hobgoblin hits you.
You die...

.# #.# #.#
############## #.#
#......@.....# #.#
###.##...rg###.#
###.####...##....$#
..#...##.####........
...........##...##.##
..#.##...#......# ?)#
..#.....#####...# .##
..#..#.######...# ..
..#.........


You could see a quokka and a hobgoblin.

Vanquished Creatures
  A ball python (D:1)
  2 endoplasms (D:1)
  2 giant cockroaches (D:1)
  2 goblins (D:1)
  4 bats (D:1)
  2 kobolds (D:1)
13 creatures vanquished.

Notes
Turn   | Place    | Note
-------+----------+-------------------------------------------
     0 | D:1      | Alitron123 the Gargoyle Hedge Wizard began the quest for
                  | the Orb.
     0 | D:1      | Reached XP level 1. HP: 10/10 MP: 4/4
   103 | D:1      | Found Vaef's Antique Weapon Shop.
   213 | D:1      | Reached XP level 2. HP: 15/15 MP: 3/6
   441 | D:1      | Slain by a hobgoblin

Illustrated notes

Levels and vault maps discovered:
D:1:      lemuel_arrival_rhombus, layout_rooms, serial_shops, shop,
          minmay_split_cup_small

Action                   || total
-------------------------++-------
Melee: Dagger            ||    18
 Cast: Magic Dart        ||    33
Armor: Robe              ||    11
Dodge: Dodged            ||    14

Table legend: (Time is in decaauts)
 A = Elapsed time spent in this place.
 B = Non-inter-level travel time spent in this place.
 C = Inter-level travel time spent in this place.
 D = Time resting spent in this place.
 E = Time spent auto-exploring this place.
 F = Levels seen in this place.
 G = Mean time per level.
                   A        B        C        D        E       F      G
               +--------+--------+--------+--------+--------+-----+--------+
         Total |    440 |    440 |      0 |      0 |    344 |   1 |  440.0 |
       Dungeon |    440 |    440 |      0 |      0 |    344 |   1 |  440.0 |
               +--------+--------+--------+--------+--------+-----+--------+

Top non-repeatable levels by time:
     D:1: 440 daAuts
